 Dungeon Crawl Stone Soup version 0.30-b1-2-g02819fbbbe (webtiles) character file.

Game seed: 2287677208854038305

98 raph the Conjurer (level 4, -1/24 HPs)
             Began as a Deep Elf Conjurer on May 4, 2023.
             Slain by a hobgoblin (2 damage)
             ... on level 3 of the Dungeon.
             The game lasted 00:03:58 (2264 turns).

raph the Conjurer (Deep Elf Conjurer)               Turns: 2264, Time: 00:04:01

Health: -1/24      AC:  3    Str:  4    XL:     4   Next: 43%
Magic:  2/12       EV: 12    Int: 25    God:
Gold:   74         SH:  0    Dex: 13    Spells: 5/11 levels left

rFire   . . .        e - +0 dagger (venom)
rCold   . . .        (no shield)
rNeg    . . .        a - +0 robe
rPois   .            (no helmet)
rElec   .            (no cloak)
rCorr   .            (no gloves)
SInv    .            l - +0 pair of boots
Will    .....        (no amulet)
Stlth   ++           (no ring)
HPRegen 0.24/turn    (no ring)
MPRegen 0.13/turn

%: no passive effects
@: no status effects
A: no striking features
a: no special abilities


You were on level 3 of the Dungeon.
You visited 1 branch of the dungeon, and saw 3 of its levels.

You collected 74 gold pieces.

Inventory:

Hand Weapons
 e - a +0 dagger of venom (weapon)
 r - a +0 rapier
Armour
 a - a +0 robe (worn)
 l - a +0 pair of boots (worn)
Scrolls
 d - a scroll of amnesia
 j - 3 scrolls of poison
Potions
 b - a potion of magic
 c - 2 potions of curing
 f - 2 potions of brilliance {unknown}
 k - a potion of mutation {unknown}
 m - 2 potions of heal wounds
 o - a potion of haste {unknown}
 p - a potion of cancellation {unknown}
 q - a potion of flight {unknown}


   Skills:
 - Level 2.4 Dodging
 - Level 2.4 Stealth
 + Level 4.0 Spellcasting
 * Level 6.1 Conjurations


You had 5 spell levels left.
You knew the following spells:

 Your Spells              Type           Power      Damage    Failure   Level
a - Magic Dart            Conj           100%       1d8       1%          1
b - Searing Ray           Conj           70%        2d7       1%          2
c - Dazzling Flash        Conj/Hex       40%        N/A       8%          3

Your spell library contained the following spells:

 Spells                   Type           Power      Damage    Failure   Level
 Foxfire                  Conj/Fire      80%        2x1d8     2%          1
 Fulminant Prism          Conj/Hex       10%        3d9       26%         4
 Iskenderun's Mystic Bla  Conj/Tloc      20%        2d6       26%         4
 Fireball                 Conj/Fire      10%        3d6       58%         5
 Starburst                Conj/Fire      10%        6d5       99%         6
 Plasma Beam              Fire/Air       2%         2x1d14    100%        6


Dungeon Overview and Level Annotations

Branches:
Dungeon (3/15)

Altars:

Annotations:
D:3 Sigmund


Message History

Press: ? - help, Shift-Dir - straight line, f/p - Sigmund
Aim: Sigmund, wielding a +0 scythe and wearing a +2 robe of resistance (almost dead, 78% to hit)
The searing ray misses Sigmund. (Press . to maintain the ray.) Sigmund casts a spell at you.
You are confused.
The endoplasm barely misses you.
Sigmund hits you from afar with a +0 scythe!
* * * LOW HITPOINT WARNING * * *
A hobgoblin comes into view.
The endoplasm freezes you.
You are frozen.
* * * LOW HITPOINT WARNING * * *
You feel better. The hobgoblin closely misses you. Sigmund closely misses you.
The endoplasm freezes you.
You are frozen.
Casting: Searing Ray (safe; 1% risk of failure)
Confirm with . or Enter, or press ? or * to list all spells.
Aiming: Searing Ray (safe; 1% risk of failure)
Press: ? - help, Shift-Dir - straight line, f/p - Sigmund
Aim: Sigmund, wielding a +0 scythe and wearing a +2 robe of resistance (almost dead, 78% to hit)
The searing ray misses Sigmund. (Press . to maintain the ray.)
The giant cockroach closely misses you. The hobgoblin hits you.
* * * LOW HITPOINT WARNING * * *
The endoplasm misses you.
The searing ray hits the giant cockroach.
The giant cockroach is lightly wounded.
The searing ray misses Sigmund.
Sigmund barely misses you. The giant cockroach closely misses you.
The hobgoblin closely misses you.
The endoplasm jiggles.
The endoplasm barely misses you.
The searing ray hits the giant cockroach!
You kill the giant cockroach!
The searing ray misses Sigmund.
Sigmund points at you and mumbles some strange words.
The magic dart hits you.
* * * LOW HITPOINT WARNING * * *
The hobgoblin hits you.
You die...

#########
........#
.........
........#
........#
..$:...@+
......J.#
!......@#
...$#+#.g.#
... #####
!. .


You could see Sigmund, an endoplasm and a hobgoblin.

Vanquished Creatures
  3 adders (D:2)
  3 gnolls (D:2)
  3 dart slugs
  4 endoplasms
  2 giant cockroaches
  6 goblins
  4 hobgoblins
  5 kobolds
  2 ball pythons (D:1)
  3 bats
  2 frilled lizards
  2 rats
39 creatures vanquished.

Notes
Turn   | Place    | Note
-------+----------+-------------------------------------------
     0 | D:1      | raph the Deep Elf Conjurer began the quest for the Orb.
     0 | D:1      | Reached XP level 1. HP: 10/10 MP: 6/6
   233 | D:1      | Reached XP level 2. HP: 15/15 MP: 2/8
   303 | D:1      | Reached skill level 5 in Conjurations
   542 | D:1      | Found a faded altar of an unknown god.
   551 | D:1      | Learned a level 2 spell: Searing Ray
  1311 | D:2      | Reached XP level 3. HP: 19/19 MP: 6/9
  1315 | D:2      | Learned a level 3 spell: Dazzling Flash
  1559 | D:2      | Reached XP level 4. HP: 12/24 MP: 2/11
  1727 | D:2      | Reached skill level 6 in Conjurations
  2252 | D:3      | Noticed Sigmund
  2264 | D:3      | HP: 1/24 [Sigmund/magic dart (6)]
  2264 | D:3      | Slain by a hobgoblin

Illustrated notes

Levels and vault maps discovered:
D:1:      saegor_arrival_simple_e, layout_loops_cross,
          shapermc_ecumenical_altar_starsandcircs, minmay_tetromino_i4
D:2:      layout_basic, hangedman_decor_push
D:3:      layout_basic, mainiacjoe_overflow_alcove_4,
          lemuel_coloured_pillars_altar, uniq_jessica, uniq_sigmund, uniq_robin

Skill      XL: |  1  2  3  4 |
---------------+-------------+-----
Conjurations   | 5 6 |  6.1
Spellcasting   | 4 |  4.0
Dodging        | |  2.4
Stealth        | |  2.4

Action                     |  1- 3 |  4- 6 || total
---------------------------+-------+-------++-------
  Melee: Dagger            |       |     2 ||     2
   Cast: Magic Dart        |    31 |       ||    31
         Searing Ray       |    16 |    11 ||    27
    Use: Scroll            |       |     8 ||     8
         Potion            |       |     1 ||     1
  Dodge: Dodged            |     6 |    12 ||    18
